 Dungeon Crawl Stone Soup version 0.31-a0-182-gc5ef74bbde (webtiles) character file.

Game seed: 1207433728151450540

90 qw the Chopper (level 4, 0/28 HPs)
             Began as a Gargoyle Fighter on June 20, 2023.
             Slain by Sigmund
             ... wielding a +5 scythe of pain
              (1 damage)
             ... on level 2 of the Dungeon.
             The game lasted 00:00:47 (887 turns).

qw the Chopper (Gargoyle Fighter)                    Turns: 887, Time: 00:00:47

Health: 0/28       AC: 11    Str: 21    XL:     4   Next: 56%
Magic:  4/4        EV:  9    Int:  9    God:
Gold:   30         SH:  4    Dex:  9    Spells: 3/3 levels left

rFire   . . .        Y - +0 war axe
rCold   . . .        c - +0 buckler
rNeg    + . .        b - +0 scale mail
rPois   inf          (no helmet)
rElec   +            (no cloak)
rCorr   .            j - +0 pair of gloves
SInv    .            (no boots)
Will    .....        (no amulet) Stlth
                     (no ring)
HPRegen 0.24/turn    (no ring)
MPRegen 0.09/turn

%: no passive effects
@: no status effects
A: sickness immunity, AC +3, negative energy resistance 1, electricity
resistance, torment resistance 1, petrification resistance
a: no special abilities


You were on level 2 of the Dungeon.
You visited 1 branch of the dungeon, and saw 2 of its levels.

You collected 30 gold pieces.


Innate Abilities, Weirdness & Mutations

You are immune to sickness and miasma.
Your stone body is resilient. (AC +3)
You are immune to poison.
You resist negative energy. (rN+)
You are resistant to electric shocks. (rElec)
You are resistant to unholy torment.
You are immune to petrification.


   Skills:
 - Level 3.2 Fighting
 + Level 4.2 Axes
 - Level 3.2 Armour
 - Level 3.2 Shields


You had 3 spell levels left.
You didn't know any spells.
Your spell library was empty.

Inventory:

Hand Weapons
 e - a +0 whip
 Y - a +0 war axe (weapon)
Armour
 b - a +0 scale mail (worn)
 c - a +0 buckler (worn)
 j - a +0 pair of gloves (worn)
Potions
 d - a potion of might
 f - a potion of berserk rage {unknown}
 h - 2 potions of heal wounds {unknown}
 i - a potion of enlightenment {unknown}

Dungeon Overview and Level Annotations

Branches:
Dungeon (2/15)

Altars:

Annotations:
D:2 Sigmund


Message History

The adder bites you but does no damage. Something hits you but does no damage.
The adder closely misses you.
A rat comes into view.
You barely miss the adder.
The adder is severely wounded.
The adder bites you but does no damage.
You hear some strange, mumbled words.
Something tries to affect you, but you resist.
The adder bites you but does no damage.
You closely miss the adder.
The adder is severely wounded.
The adder bites you but does no damage. Something completely misses you.
You miss the adder.
The adder is severely wounded.
The adder bites you. Something hits you.
The adder bites you but does no damage.
You barely miss the adder.
The adder is severely wounded.
You slash the rat!
You kill the rat!
The adder barely misses you. You block something's attack.
The adder bites you but does no damage.
You slash the adder!
You kill the adder!
You block something's attack.
You swing at nothing.
Something hits you.
You swing at nothing.
Something hits you but does no damage.
You swing at nothing.
You swing at nothing.
Something hits you but does no damage.
You swing at nothing.
Something hits you.
You swing at nothing.
Something hits you!
You swing at nothing.
Something hits you.
You swing at nothing.
Something hits you.
You die...

.. ######.......# #.
........(.# #.
#.......... ##.##
##.#.....## # ##...##
#.#.....##
#.#.....######.#.......
#..............#.....##
#.....########.....#
##.%@..............#
#{%##############[#
..... #.# ....... #.#
###.... #.# ...... #.#
.##.... #.## #.... #...
####


There were no monsters in sight!

Vanquished Creatures
  An adder (D:2)
  4 gnolls (D:2)
  4 bats
  3 endoplasms
  A giant cockroach (D:2)
  3 goblins
  4 hobgoblins (D:1)
  5 jackals (D:1)
  6 kobolds
  3 quokkas (D:1)
  2 ball pythons
  4 rats
40 creatures vanquished.

Notes
Turn   | Place    | Note
-------+----------+-------------------------------------------
     0 | D:1      | qw the Gargoyle Fighter began the quest for the Orb.
     0 | D:1      | Reached XP level 1. HP: 14/14 MP: 1/1
     0 | D:1      | 0 ||| qw: Version: 0.3-a-9-g12657ce
     0 | D:1      | 0 ||| qw: Game counter: 1235
     0 | D:1      | 0 ||| qw: Always use a shield: true
     0 | D:1      | 0 ||| qw: God list: Okawaru
     0 | D:1      | 0 ||| qw: Allow faded altars: false
     0 | D:1      | 0 ||| qw: Do Orc after D:15 true
     0 | D:1      | 0 ||| qw: Do second Lair branch before Depths: true
     0 | D:1      | 0 ||| qw: Lair rune preference: random
     0 | D:1      | 0 ||| qw: Plans: Normal, Zot:1-4, Slime:5, God:TSO, Crypt,
                  | Tomb, Abyss, Pan, Hells, Win
     0 | D:1      | 0 ||| PLANNING D:1-11
    23 | D:1      | Reached skill level 2 in Axes
    25 | D:1      | 25 ||| Stepping ~*~*~tactically~*~*~ (stealth).
    26 | D:1      | 26 ||| Stepping ~*~*~tactically~*~*~ (stealth).
    66 | D:1      | Reached XP level 2. HP: 19/19 MP: 2/2
   233 | D:1      | 233 ||| Stepping ~*~*~tactically~*~*~ (hiding).
   310 | D:1      | Reached skill level 3 in Axes
   397 | D:1      | 397 ||| Stepping ~*~*~tactically~*~*~ (stealth).
   405 | D:1      | Reached XP level 3. HP: 22/23 MP: 3/3
   505 | D:1      | 505 ||| Stepping ~*~*~tactically~*~*~ (stealth).
   524 | D:1      | 524 ||| UPGRADING to +0 pair of gloves.
   529 | D:1      | 529 ||| READING scroll labelled KENGUSTIGUPI.
   530 | D:1      | 530 ||| READING 2 scrolls labelled PAJEGAS DUSO.
   586 | D:2      | 586 ||| Stepping ~*~*~tactically~*~*~ (hiding).
   599 | D:2      | HP: 5/23 [gnoll/+0 spear (5)]
   600 | D:2      | 600 ||| READING scroll of teleportation.
   600 | D:2      | HP: 2/23 [gnoll/+0 spear (3)]
   707 | D:2      | 707 ||| Stepping ~*~*~tactically~*~*~ (stealth).
   708 | D:2      | 708 ||| Stepping ~*~*~tactically~*~*~ (stealth).
   735 | D:2      | 735 ||| Stepping ~*~*~tactically~*~*~ (stealth).
   740 | D:2      | Reached XP level 4. HP: 28/28 MP: 4/4
   750 | D:2      | 750 ||| Stepping ~*~*~tactically~*~*~ (stealth).
   751 | D:2      | 751 ||| Stepping ~*~*~tactically~*~*~ (stealth).
   752 | D:2      | 752 ||| Stepping ~*~*~tactically~*~*~ (hiding).
   761 | D:2      | Reached skill level 4 in Axes
   865 | D:2      | Noticed Sigmund
   867 | D:2      | 867 ||| Stepping ~*~*~tactically~*~*~ (hiding).
   868 | D:2      | 868 ||| Stepping ~*~*~tactically~*~*~ (hiding).
   885 | D:2      | HP: 6/28 [something (9)]
   886 | D:2      | HP: 1/28 [something (6)]
   887 | D:2      | Slain by Sigmund

Levels and vault maps discovered:
D:1:      lemuel_arrival_behind_the_door_small, layout_rooms
D:2:      cheibrodos_helix_gallery, layout_loops_ring, minmay_tetromino_o4,
          uniq_sigmund

Skill      XL: |  1  2  3  4 |
---------------+-------------+-----
Axes           | 2 3 4 |  4.2
Fighting       | |  3.2
Armour         | |  3.2
Shields        | |  3.2

Action                     |  1- 3 |  4- 6 || total
---------------------------+-------+-------++-------
  Melee: War axe           |   113 |    21 ||   134
    Use: Scroll            |     3 |       ||     3
 Armour: Scale mail        |    69 |    18 ||    87
  Dodge: Dodged            |    70 |    16 ||    86
  Block: Buckler           |    36 |     4 ||    40

Table legend:
 A = Non-vault XP
 B = Vault XP
 C = Vault XP percentage of total XP
 D = Non-vault monster count
 E = Vault monster count
 F = Vault count percentage of total count
                 A         B        C        D         E       F
            +---------+---------+-------+---------+---------+-------
      Total |     126 |       3 |   2.3 |      38 |       2 |   5.0
            +---------+---------+-------+---------+---------+-------
        D:1 |      42 |       0 |   0.0 |      24 |       0 |   0.0
        D:2 |      84 |       3 |   3.4 |      14 |       2 |  12.5
            +---------+---------+-------+---------+---------+-------
